General information
- name: BNet
- type: Ladder team game (AT/RT)
- host: Battle.net
- saver: EUROFRIENDS
map: SunrockCove
- players: 6
- length: 41:49
- speed: Fast
- version: 1.27 W3XP
- replay type:

» download(346 KB)
Players
team 1 (loser)
ctap (
green | 131 APM | 4268 actions | 32:32)
5 Blademaster
3 Wind Walk
2 Critical Strike
» actions
| Assign group hotkey | 29 | |
| Basic commands | 867 | |
| Build / train | 82 | |
| ESC pressed | 3 | |
| Enter build submenu | 34 | |
| Enter hero's abilities submenu | 6 | |
| Give item / drop item | 9 | |
| Remove unit from queue | 1 | |
| Right click | 1196 | |
| Select / deselect | 1090 | |
| Select group hotkey | 809 | |
| Use ability | 140 | |
4268 total
» units
| Peon | 7 | |
| Grunt | 4 | |
| Goblin Shredder | 1 | |
| Demolisher | 6 | |
| Raider | 12 | |
| Troll Witch Doctor | 5 | |
| Kodo Beast | 1 | |
| Goblin Zeppelin | 2 | |
| Shaman | 3 | |
41 total
» upgrades
| Armor | 2 | |
| Ensnare | 1 | |
| Witch Doctor Training | 2 | |
| Pillage | 1 | |
| Reinforced Defenses | 1 | |
| Melee Weapons | 3 | |
| Ranged Weapons | 1 | |
| Burning Oil | 1 | |
| Shaman Training | 2 | |
| Berserker Strength | 1 | |
| War Drums Damage Increase | 1 | |
16 total
» buildings
| Altar of Storms | 1 | |
| Orc Burrow | 6 | |
| Barracks | 1 | |
| Voodoo Lounge | 2 | |
| Great Hall | 2 | |
| War Mill | 1 | |
| Stronghold | 1 | |
| Watch Tower | 26 | |
| Fortress | 1 | |
| Beastiary | 1 | |
| Spirit Lodge | 1 | |
43 total
» build order
00:06 Altar of Storms
00:20 Orc Burrow
00:35 Barracks
01:26 Orc Burrow
01:55 Voodoo Lounge
03:40 Great Hall
03:51 War Mill
05:12 Stronghold
05:37 Orc Burrow
06:52 Watch Tower
07:57 Fortress
08:03 Beastiary
08:06 Spirit Lodge
08:15 Watch Tower
09:18 Orc Burrow
09:26 Watch Tower
10:16 Watch Tower
11:18 Watch Tower
12:16 Watch Tower
12:33 Watch Tower
13:25 Watch Tower
14:38 Orc Burrow
15:53 Orc Burrow
17:06 Watch Tower
19:59 Watch Tower
20:00 Watch Tower
20:01 Watch Tower
20:01 Watch Tower
20:02 Watch Tower
20:03 Watch Tower
20:04 Watch Tower
25:07 Voodoo Lounge
25:12 Great Hall
25:17 Watch Tower
25:20 Watch Tower
25:43 Watch Tower
27:05 Watch Tower
28:36 Watch Tower
28:39 Watch Tower
29:00 Watch Tower
29:01 Watch Tower
29:01 Watch Tower
29:02 Watch Tower
» items
| Healing Salve | 6 | |
| Boots of Speed | 1 | |
| Orb of Lightning | 1 | |
| Scroll of Town Portal | 2 | |
| Potion of Healing | 2 | |
| Lesser Clarity Potion | 1 | |
13 total
Major7 (
red | 117 APM | 4883 actions | 41:43)
3 Demon Hunter
2 Mana Burn
1 Evasion
2 Keeper of the Grove
1 Entangling Roots
1 Thorns Aura
2 Priestess of the Moon
1 Scout
1 Trueshot Aura
» actions
| Assign group hotkey | 59 | |
| Basic commands | 612 | |
| Build / train | 129 | |
| ESC pressed | 5 | |
| Enter build submenu | 30 | |
| Enter hero's abilities submenu | 7 | |
| Give item / drop item | 3 | |
| Remove unit from queue | 3 | |
| Right click | 1699 | |
| Select / deselect | 794 | |
| Select group hotkey | 1368 | |
| Use ability | 174 | |
4883 total
» units
| Wisp | 43 | |
| Archer | 23 | |
| Druid of the Talon | 4 | |
| Dryad | 3 | |
| Glaive Thrower | 9 | |
82 total
» upgrades
| Ultravision | 1 | |
| Improved Bows | 1 | |
| Strength of the Moon | 3 | |
| Abolish Magic | 1 | |
| Druid of the Talon Training | 2 | |
| Druid of the Claw Training | 2 | |
| Mark of the Claw | 1 | |
| Vorpal Blades | 1 | |
| Marksmanship | 1 | |
| Nature's Blessing | 1 | |
| Strength of the Wild | 3 | |
| Reinforced Hides | 3 | |
| Hardened Skin | 1 | |
| Resistant Skin | 1 | |
| Moon Armor | 1 | |
| Well Spring | 1 | |
24 total
» buildings
| Ancient of War | 1 | |
| Moon Well | 9 | |
| Altar of Elders | 1 | |
| Tree of Ages | 1 | |
| Ancient of Wonders | 1 | |
| Hunter's Hall | 1 | |
| Ancient of Wind | 1 | |
| Ancient of Lore | 1 | |
| Tree of Life | 2 | |
| Tree of Eternity | 1 | |
| Ancient Protector | 17 | |
36 total
» build order
00:29 Ancient of War
00:35 Moon Well
00:49 Altar of Elders
01:08 Moon Well
03:45 Tree of Ages
03:54 Moon Well
04:55 Ancient of Wonders
05:11 Hunter's Hall
06:55 Ancient of Wind
07:04 Ancient of Lore
09:40 Moon Well
09:50 Tree of Life
10:32 Moon Well
10:56 Moon Well
12:42 Tree of Eternity
13:47 Ancient Protector
13:50 Ancient Protector
14:01 Ancient Protector
14:05 Ancient Protector
16:05 Ancient Protector
16:08 Ancient Protector
17:23 Ancient Protector
17:39 Ancient Protector
18:07 Moon Well
18:28 Ancient Protector
18:29 Ancient Protector
18:30 Ancient Protector
23:51 Tree of Life
33:35 Ancient Protector
33:36 Ancient Protector
34:20 Ancient Protector
34:21 Ancient Protector
34:24 Ancient Protector
34:30 Ancient Protector
41:31 Moon Well
41:32 Moon Well
» items
| Dust of Appearance | 2 | |
| Boots of Speed | 1 | |
| Potion of Healing | 1 | |
| Healing Salve | 1 | |
| Scroll of Town Portal | 1 | |
6 total
slog2 (
blue | 73 APM | 3052 actions | 41:48)
4 Mountain King
2 Storm Bolt
2 Bash
3 Paladin
2 Holy Light
1 Divine Shield
1 Archmage
1 Brilliance Aura
» actions
| Assign group hotkey | 34 | |
| Basic commands | 374 | |
| Build / train | 83 | |
| ESC pressed | 4 | |
| Enter build submenu | 31 | |
| Enter hero's abilities submenu | 8 | |
| Give item / drop item | 3 | |
| Right click | 1117 | |
| Select / deselect | 564 | |
| Select group hotkey | 758 | |
| Use ability | 76 | |
3052 total
» units
| Peasant | 17 | |
| Footman | 5 | |
| Rifleman | 5 | |
| Mortar Team | 9 | |
| Priest | 2 | |
| Sorceress | 1 | |
| Knight | 2 | |
41 total
» upgrades
| Lumber Harvesting | 2 | |
| Gunpowder | 3 | |
| Priest Training | 2 | |
| Sorceress Training | 1 | |
| Masonry | 1 | |
| Plating | 2 | |
| Fragmentation Shards | 1 | |
| Flare | 1 | |
13 total
» buildings
| Altar of Kings | 1 | |
| Barracks | 1 | |
| Farm | 10 | |
| Blacksmith | 1 | |
| Scout Tower | 17 | |
| Lumber Mill | 1 | |
| Guard Tower | 8 | |
| Keep | 1 | |
| Arcane Vault | 2 | |
| Workshop | 1 | |
| Arcane Sanctum | 1 | |
| Castle | 1 | |
| Town Hall | 2 | |
47 total
» build order
00:09 Altar of Kings
00:23 Barracks
00:36 Farm
00:52 Farm
02:08 Farm
03:10 Blacksmith
03:33 Scout Tower
03:38 Lumber Mill
05:00 Guard Tower
05:20 Keep
05:32 Arcane Vault
06:37 Arcane Vault
06:55 Farm
06:58 Farm
07:00 Farm
08:50 Workshop
08:58 Arcane Sanctum
09:22 Castle
09:37 Farm
09:40 Farm
10:28 Scout Tower
10:56 Farm
10:58 Farm
11:19 Scout Tower
12:28 Scout Tower
12:59 Guard Tower
14:54 Scout Tower
14:56 Scout Tower
14:58 Scout Tower
14:58 Scout Tower
14:59 Scout Tower
15:27 Guard Tower
15:33 Guard Tower
15:49 Guard Tower
16:51 Guard Tower
17:48 Town Hall
17:55 Guard Tower
31:16 Town Hall
38:08 Scout Tower
38:11 Scout Tower
38:12 Scout Tower
38:13 Scout Tower
38:14 Scout Tower
38:15 Scout Tower
38:16 Scout Tower
38:17 Scout Tower
40:22 Guard Tower
» items
| Potion of Healing | 2 | |
| Scroll of Regeneration | 1 | |
| Scroll of Healing | 1 | |
| Scroll of Protection | 1 | |
| Potion of Lesser Invulnerability | 1 | |
| Scroll of Town Portal | 1 | |
| Orb of Fire | 1 | |
8 total
team 2 (winner)
EUROFRIENDS (
yellow | 101 APM | 4209 actions | 41:49)
5 Blademaster
2 Wind Walk
3 Critical Strike
» actions
| Assign group hotkey | 11 | |
| Basic commands | 4 | |
| Build / train | 71 | |
| Enter build submenu | 79 | |
| Enter hero's abilities submenu | 5 | |
| Give item / drop item | 6 | |
| Remove unit from queue | 3 | |
| Right click | 2679 | |
| Select / deselect | 396 | |
| Select group hotkey | 666 | |
| Use ability | 286 | |
4209 total
» units
| Peon | 20 | |
| Troll Batrider | 10 | |
| Goblin Shredder | 1 | |
| Goblin Zeppelin | 2 | |
33 total
» upgrades
| Liquid Fire | 1 | |
| Ranged Weapons | 3 | |
| Armor | 3 | |
| Reinforced Defenses | 1 | |
8 total
» buildings
| Altar of Storms | 2 | |
| Orc Burrow | 7 | |
| War Mill | 2 | |
| Voodoo Lounge | 4 | |
| Watch Tower | 95 | |
| Stronghold | 1 | |
| Fortress | 4 | |
| Beastiary | 2 | |
| Great Hall | 3 | |
120 total
» build order
00:11 Altar of Storms
00:19 Orc Burrow
00:39 War Mill
01:04 Voodoo Lounge
01:55 Watch Tower
02:25 Watch Tower
02:41 Watch Tower
03:26 Stronghold
03:30 Watch Tower
04:10 Watch Tower
05:07 Watch Tower
05:24 Watch Tower
05:47 Fortress
05:47 Fortress
05:48 Fortress
05:49 Orc Burrow
05:51 Beastiary
06:21 Watch Tower
06:33 Watch Tower
06:48 Orc Burrow
07:02 Beastiary
07:45 Watch Tower
07:59 Voodoo Lounge
08:38 Voodoo Lounge
09:37 Watch Tower
09:41 Watch Tower
09:42 Watch Tower
10:55 Watch Tower
10:56 Watch Tower
10:56 Watch Tower
10:57 Watch Tower
11:10 Watch Tower
12:07 Great Hall
12:12 Watch Tower
12:13 Watch Tower
12:13 Watch Tower
12:16 Watch Tower
12:17 Watch Tower
12:18 Watch Tower
13:20 Watch Tower
13:45 Watch Tower
13:47 Watch Tower
14:43 Watch Tower
14:53 Watch Tower
14:55 Watch Tower
15:51 Watch Tower
16:10 Watch Tower
16:11 Watch Tower
18:35 Watch Tower
18:36 Watch Tower
18:37 Watch Tower
18:38 Watch Tower
18:39 Watch Tower
18:39 Watch Tower
23:46 Watch Tower
23:47 Watch Tower
23:47 Watch Tower
23:50 Watch Tower
23:52 Watch Tower
23:53 Watch Tower
23:55 Watch Tower
24:08 Watch Tower
26:39 Watch Tower
26:40 Watch Tower
26:57 Watch Tower
26:58 Watch Tower
26:58 Watch Tower
26:59 Watch Tower
27:11 Watch Tower
28:54 Watch Tower
28:55 Watch Tower
28:56 Watch Tower
28:57 Watch Tower
30:38 Great Hall
30:43 Watch Tower
30:43 Watch Tower
30:44 Watch Tower
30:44 Watch Tower
30:45 Watch Tower
30:45 Watch Tower
30:46 Watch Tower
30:47 Watch Tower
32:17 Watch Tower
32:17 Watch Tower
32:19 Watch Tower
32:20 Watch Tower
32:22 Watch Tower
32:23 Watch Tower
32:23 Watch Tower
32:24 Watch Tower
32:24 Watch Tower
32:25 Watch Tower
32:25 Watch Tower
32:26 Watch Tower
33:41 Voodoo Lounge
33:46 Orc Burrow
33:52 Watch Tower
33:52 Watch Tower
33:53 Watch Tower
33:53 Watch Tower
33:55 Watch Tower
33:55 Watch Tower
35:29 War Mill
36:11 Great Hall
36:23 Altar of Storms
36:26 Orc Burrow
37:28 Orc Burrow
37:43 Orc Burrow
40:34 Watch Tower
40:35 Watch Tower
40:36 Watch Tower
40:37 Watch Tower
40:37 Watch Tower
40:38 Watch Tower
40:39 Watch Tower
40:39 Watch Tower
40:44 Watch Tower
40:45 Watch Tower
40:46 Watch Tower
» items
| Healing Salve | 2 | |
| Lesser Clarity Potion | 5 | |
| Boots of Speed | 1 | |
| Staff of Teleportation | 4 | |
| Orb of Lightning | 1 | |
13 total
nutsonyochin.de (
purple | 110 APM | 4593 actions | 41:48)
5 Archmage
3 Blizzard
2 Brilliance Aura
4 Blood Mage
2 Flame Strike
2 Siphon Mana
4 Pit Lord
2 Rain of Fire
2 Howl of Terror
» actions
| Assign group hotkey | 10 | |
| Basic commands | 65 | |
| Build / train | 112 | |
| ESC pressed | 2 | |
| Enter build submenu | 85 | |
| Enter hero's abilities submenu | 13 | |
| Give item / drop item | 5 | |
| Right click | 2086 | |
| Select / deselect | 402 | |
| Select group hotkey | 1468 | |
| Use ability | 344 | |
4593 total
» units
| Peasant | 17 | |
| Goblin Zeppelin | 1 | |
| Dragonhawk Rider | 4 | |
22 total
» upgrades
| Masonry | 3 | |
| Magic Sentry | 1 | |
| Lumber Harvesting | 1 | |
| Priest Training | 2 | |
| Sorceress Training | 2 | |
| Control Magic | 1 | |
| Animal War Training | 1 | |
| Armor | 3 | |
| Cloud | 1 | |
| Swords | 3 | |
18 total
» buildings
| Altar of Kings | 2 | |
| Farm | 10 | |
| Lumber Mill | 2 | |
| Scout Tower | 92 | |
| Arcane Tower | 6 | |
| Guard Tower | 26 | |
| Keep | 4 | |
| Town Hall | 3 | |
| Arcane Vault | 3 | |
| Arcane Sanctum | 2 | |
| Castle | 1 | |
| Blacksmith | 1 | |
| Gryphon Aviary | 2 | |
| Barracks | 1 | |
155 total
» build order
00:05 Altar of Kings
00:11 Farm
00:31 Lumber Mill
00:51 Scout Tower
01:17 Farm
01:21 Arcane Tower
01:47 Scout Tower
02:04 Scout Tower
02:17 Guard Tower
02:22 Scout Tower
03:03 Guard Tower
03:07 Scout Tower
03:08 Scout Tower
03:12 Guard Tower
03:36 Guard Tower
03:37 Guard Tower
04:00 Keep
04:01 Keep
04:01 Keep
04:03 Guard Tower
04:38 Town Hall
04:44 Scout Tower
04:45 Scout Tower
04:56 Scout Tower
04:57 Scout Tower
05:01 Scout Tower
05:05 Arcane Vault
05:19 Guard Tower
05:20 Guard Tower
05:26 Arcane Tower
05:27 Arcane Tower
05:27 Arcane Tower
05:56 Guard Tower
06:20 Scout Tower
06:21 Scout Tower
06:25 Scout Tower
06:25 Scout Tower
06:46 Arcane Sanctum
06:49 Guard Tower
06:52 Scout Tower
06:53 Scout Tower
07:55 Guard Tower
08:30 Castle
09:22 Scout Tower
09:46 Scout Tower
09:46 Scout Tower
10:17 Arcane Vault
10:49 Scout Tower
10:49 Scout Tower
10:50 Scout Tower
10:50 Scout Tower
10:53 Scout Tower
10:53 Scout Tower
10:54 Scout Tower
10:54 Scout Tower
10:55 Scout Tower
10:56 Scout Tower
10:56 Scout Tower
10:57 Scout Tower
10:57 Scout Tower
11:31 Guard Tower
12:02 Guard Tower
12:43 Blacksmith
12:47 Gryphon Aviary
13:19 Barracks
13:24 Farm
13:24 Farm
13:27 Farm
13:28 Farm
13:42 Guard Tower
14:47 Guard Tower
15:16 Guard Tower
17:12 Scout Tower
17:12 Scout Tower
17:13 Scout Tower
17:42 Guard Tower
17:43 Scout Tower
17:44 Scout Tower
17:45 Scout Tower
18:31 Guard Tower
18:33 Scout Tower
18:33 Scout Tower
18:34 Scout Tower
19:02 Guard Tower
19:06 Town Hall
19:12 Town Hall
20:47 Scout Tower
20:49 Scout Tower
20:50 Scout Tower
20:51 Scout Tower
22:39 Guard Tower
22:45 Scout Tower
22:46 Scout Tower
22:47 Scout Tower
22:48 Scout Tower
22:49 Scout Tower
22:50 Scout Tower
22:51 Scout Tower
22:52 Scout Tower
22:54 Gryphon Aviary
22:57 Farm
22:58 Farm
22:59 Farm
23:00 Farm
23:48 Guard Tower
25:16 Guard Tower
29:06 Scout Tower
29:07 Scout Tower
29:09 Scout Tower
29:09 Scout Tower
29:11 Scout Tower
29:12 Scout Tower
29:13 Scout Tower
29:14 Scout Tower
29:15 Scout Tower
29:16 Scout Tower
29:17 Scout Tower
31:27 Arcane Tower
31:34 Scout Tower
31:35 Scout Tower
31:36 Scout Tower
31:36 Scout Tower
31:37 Scout Tower
31:38 Scout Tower
31:38 Scout Tower
31:39 Scout Tower
33:18 Arcane Sanctum
33:44 Guard Tower
33:47 Scout Tower
33:47 Scout Tower
33:48 Scout Tower
33:49 Scout Tower
33:50 Scout Tower
33:50 Scout Tower
33:51 Scout Tower
33:52 Scout Tower
33:53 Scout Tower
35:28 Guard Tower
35:39 Lumber Mill
36:07 Guard Tower
36:10 Scout Tower
36:11 Scout Tower
36:22 Scout Tower
36:23 Scout Tower
36:24 Scout Tower
36:30 Scout Tower
36:30 Scout Tower
36:35 Guard Tower
36:38 Scout Tower
36:39 Scout Tower
36:39 Scout Tower
36:41 Arcane Vault
40:15 Altar of Kings
41:15 Keep
» items
| Healing Salve | 1 | |
| Boots of Speed | 3 | |
| Staff of Teleportation | 3 | |
| Scroll of Regeneration | 1 | |
| Orb of Lightning | 4 | |
| Staff of Sanctuary | 3 | |
15 total
wig-mom (
teal | 112 APM | 4684 actions | 41:48)
6 Mountain King
3 Storm Bolt
2 Bash
1 Avatar
4 Blood Mage
2 Banish
2 Siphon Mana
3 Paladin
2 Holy Light
1 Divine Shield
» actions
| Assign group hotkey | 106 | |
| Basic commands | 35 | |
| Build / train | 146 | |
| ESC pressed | 4 | |
| Enter build submenu | 71 | |
| Enter hero's abilities submenu | 14 | |
| Give item / drop item | 12 | |
| Right click | 2365 | |
| Select / deselect | 1355 | |
| Select group hotkey | 267 | |
| Use ability | 302 | |
4684 total
» units
| Peasant | 30 | |
| Goblin Zeppelin | 2 | |
| Goblin Shredder | 1 | |
33 total
» upgrades
| Masonry | 3 | |
| Lumber Harvesting | 2 | |
| Magic Sentry | 1 | |
| Priest Training | 1 | |
7 total
» buildings
| Altar of Kings | 2 | |
| Lumber Mill | 2 | |
| Farm | 10 | |
| Scout Tower | 83 | |
| Guard Tower | 69 | |
| Arcane Tower | 3 | |
| Town Hall | 2 | |
| Arcane Vault | 1 | |
| Keep | 1 | |
| Castle | 1 | |
| Arcane Sanctum | 1 | |
175 total
» build order
00:06 Altar of Kings
00:21 Lumber Mill
00:30 Farm
01:14 Scout Tower
01:19 Scout Tower
01:44 Guard Tower
01:53 Guard Tower
01:53 Guard Tower
02:24 Scout Tower
02:32 Farm
02:58 Scout Tower
02:59 Arcane Tower
03:28 Town Hall
03:34 Scout Tower
04:00 Guard Tower
04:49 Arcane Tower
05:29 Scout Tower
05:29 Scout Tower
05:32 Scout Tower
05:33 Scout Tower
05:34 Scout Tower
05:47 Scout Tower
05:48 Scout Tower
05:49 Scout Tower
05:51 Scout Tower
05:51 Scout Tower
05:52 Scout Tower
06:08 Farm
06:09 Guard Tower
06:10 Guard Tower
06:24 Guard Tower
06:24 Guard Tower
06:29 Guard Tower
06:34 Guard Tower
07:08 Guard Tower
07:13 Scout Tower
07:13 Scout Tower
07:22 Guard Tower
07:30 Arcane Vault
07:42 Farm
09:03 Guard Tower
09:03 Scout Tower
09:04 Scout Tower
09:31 Guard Tower
09:46 Scout Tower
09:47 Scout Tower
09:47 Scout Tower
09:48 Scout Tower
09:50 Keep
10:04 Guard Tower
10:04 Guard Tower
10:04 Scout Tower
10:05 Scout Tower
10:16 Scout Tower
10:16 Scout Tower
10:17 Scout Tower
10:36 Guard Tower
10:47 Guard Tower
11:02 Scout Tower
11:02 Scout Tower
11:03 Scout Tower
11:04 Scout Tower
11:08 Guard Tower
11:08 Guard Tower
11:15 Guard Tower
11:15 Guard Tower
12:30 Guard Tower
12:30 Guard Tower
12:32 Scout Tower
12:33 Scout Tower
12:39 Guard Tower
12:39 Guard Tower
12:41 Castle
12:50 Guard Tower
13:09 Guard Tower
13:09 Guard Tower
13:11 Scout Tower
13:12 Scout Tower
13:16 Scout Tower
13:22 Scout Tower
13:54 Guard Tower
13:54 Guard Tower
13:59 Scout Tower
14:00 Scout Tower
14:01 Scout Tower
14:01 Scout Tower
14:10 Arcane Sanctum
15:18 Guard Tower
15:18 Guard Tower
15:19 Scout Tower
15:20 Scout Tower
15:21 Scout Tower
15:21 Scout Tower
15:50 Scout Tower
15:56 Scout Tower
15:57 Scout Tower
15:59 Scout Tower
16:00 Scout Tower
16:28 Town Hall
16:33 Guard Tower
16:33 Guard Tower
16:33 Guard Tower
17:03 Guard Tower
17:03 Guard Tower
17:46 Scout Tower
17:46 Scout Tower
17:47 Scout Tower
17:47 Scout Tower
19:46 Guard Tower
19:47 Scout Tower
19:48 Scout Tower
19:49 Scout Tower
19:49 Scout Tower
19:50 Scout Tower
19:50 Scout Tower
22:43 Guard Tower
22:46 Scout Tower
22:46 Scout Tower
22:47 Scout Tower
22:47 Scout Tower
23:30 Guard Tower
23:49 Guard Tower
23:49 Guard Tower
26:26 Guard Tower
26:26 Guard Tower
29:18 Scout Tower
29:19 Scout Tower
29:20 Scout Tower
29:20 Scout Tower
30:09 Lumber Mill
30:33 Scout Tower
30:35 Scout Tower
30:35 Scout Tower
30:36 Scout Tower
32:43 Guard Tower
32:43 Guard Tower
32:45 Altar of Kings
33:40 Scout Tower
33:41 Scout Tower
33:48 Farm
33:51 Farm
34:17 Guard Tower
34:20 Farm
34:20 Farm
34:39 Guard Tower
34:48 Scout Tower
34:48 Scout Tower
34:56 Farm
34:57 Farm
35:18 Guard Tower
35:53 Guard Tower
35:53 Guard Tower
35:54 Scout Tower
35:58 Scout Tower
35:59 Scout Tower
35:59 Scout Tower
36:00 Scout Tower
36:27 Guard Tower
41:14 Guard Tower
41:14 Guard Tower
41:15 Guard Tower
41:15 Guard Tower
41:15 Guard Tower
» items
| Staff of Teleportation | 3 | |
| Boots of Speed | 3 | |
| Healing Salve | 3 | |
| Lesser Clarity Potion | 2 | |
| Orb of Lightning | 1 | |
12 total
Chat log
(31:17 / All) EUROFRIENDS: slog
(31:18 / All) wig-mom: slog II
(32:32 / All) EUROFRIENDS: )))))
(38:47 / All) EUROFRIENDS: cmon guys
(38:49 / All) EUROFRIENDS: it's just heroes
(41:47 / All) EUROFRIENDS: bye